AoeStats
← tench

Arabia

506538097Analyzed
1v1 RM · 20d ago on Sep 14, 2026· 33m 57s· 2 players
Game mode
Random Map
Map size
Tiny (2 player)
Population
200
Speed
Normal
Resources
Standard
Victory
Conquest
Starting age
Dark Age
Ending age
Imperial Age
RankedLock teamsTeams togetherTeam positionsShared explorationLock speedFull tech treeHidden civsTurbo modeCheats
Victory
Defeat
🇦🇷 Magyars · Argentina
877
+22
🇦🇷 Mongols · Argentina
929
-18
fenic93
8:43 Feudal Age
9:06 Loom
10:26 Wheelbarrow
9:39 Double-Bit Axe
14:14 Bloodlines
23:45 Castle Age
21:40 Horse Collar
22:22 Fletching
22:43 Forging
22:35 Gold Mining
24:01 Stone Mining
28:05 Hand Cart
29:11 Elite Skirmisher
30:20 Heavy Plow
30:32 Bow Saw
31:48 Pikeman
32:52 Scale Mail Armor
tench
7:26 Loom
9:57 Feudal Age
10:33 Double-Bit Axe
21:50 Castle Age
20:24 Gold Mining
20:43 Horse Collar
20:59 Fletching
21:16 Scale Barding Armor
22:46 Bow Saw
22:52 Heavy Plow
24:55 Gold Shaft Mining
24:19 Bodkin Arrow
26:08 Bloodlines
26:41 Wheelbarrow
29:19 Husbandry
32:21 Hand Cart
32:46 Chain Barding Armor
Connection lost

Rejoining the realm…

Still unreachable

The connection could not be restored.

Session expired

The server has moved on; the page needs a fresh start.